 Dungeon Crawl Stone Soup version 0.21.1-1-g345015fe64 (webtiles) character file.

5613 OlSheep the Thaumaturge (level 10, -12/53 HPs)
             Began as a Deep Elf Conjurer on June 25, 2018.
             Was a Believer of Vehumet.
             Mangled by a yak (13 damage)
             ... on level 9 of the Dungeon.
             The game lasted 01:20:07 (12074 turns).

OlSheep the Thaumaturge (Deep Elf Conjurer)        Turns: 12074, Time: 01:20:07

Health: -12/53     AC: 10    Str:  5    XL:     10   Next: 45%
Magic:  6/28       EV: 16    Int: 28    God:    Vehumet [**....]
Gold:   462        SH:  0    Dex: 15    Spells: 15/33 levels left

rFire    + . .     SeeInvis .   h - +1 dagger (venom)
rCold    + . .     Gourm    .   (no shield)
rNeg     . . .     Faith    .   i - +1 leather armour
rPois    .         Spirit   .   g - +2 helmet
rElec    .         Reflect  .   z - scarf {rC+ rF+}
rCorr    .         Harm     .   (no gloves)
MR       +....                  y - +1 pair of boots
Stlth    ++........             (no amulet)
HPRegen  0.17/turn              s - +4 ring of intelligence
MPRegen  0.21/turn              w - +2 ring of evasion

@: no status effects
A: no striking features
a: Renounce Religion


You were on level 9 of the Dungeon.
You worshipped Vehumet.
Vehumet was pleased with you.
You were not hungry.

You visited 2 branches of the dungeon, and saw 10 of its levels.

You collected 462 gold pieces.

Inventory:

Hand Weapons
 e - a +2 dagger of distortion
 h - a +1 dagger of venom (weapon)
 j - a +0 glaive
 K - a +0 halberd of venom
 M - a +1 short sword of freezing
Armour
 g - a +2 helmet (worn)
 i - a +1 leather armour (worn)
 y - a +1 pair of boots (worn)
 z - a scarf of resistance (worn)
 A - the +2 robe "Viloeqor" {MR- Regen+ Str-4 Stlth+}
   (You found it on level 6 of the Dungeon)

   It affects your strength (-4).
   It affects your resistance to hostile enchantments.
   It increases your rate of regeneration.
   It makes you more stealthy.
 C - a +0 hat
 I - a +2 robe of cold resistance
 J - a +0 scale mail of poison resistance
Jewellery
 f - an uncursed ring of flight
 s - a +4 ring of intelligence (left hand)
 w - a +2 ring of evasion (right hand)
 G - an uncursed amulet of the gourmand {unknown}
Wands
 t - a wand of disintegration (13)
 u - a wand of flame (9)
 H - a wand of iceblast (17)
 O - a wand of paralysis (10)
 R - a wand of digging (13)
Scrolls
 d - 3 scrolls of teleportation
 n - a scroll of remove curse
 p - 2 scrolls of fear
 D - a scroll of amnesia
 E - 2 scrolls of identify
 N - a scroll of brand weapon {unknown}
 Q - a scroll of random uselessness {unknown}
Potions
 a - a potion of degeneration {unknown}
 k - a potion of cancellation
 l - a potion of flight
 m - 3 potions of lignification
 o - 2 potions of invisibility
 q - a potion of haste
 r - a potion of might
 v - a potion of resistance
 x - a potion of magic {unknown}
 B - a potion of heal wounds
 F - a potion of berserk rage
 L - a potion of curing {unknown}
Books
 b - a book of Conjurations

   Spells                             Type                      Level
   a - Magic Dart                     Conjuration                  1
   b - Searing Ray                    Conjuration                  2
   c - Dazzling Spray                 Conjuration/Hexes            3
   d - Fulminant Prism                Conjuration/Hexes            4
   e - Force Lance                    Conjuration/Translocation    4
   f - Iskenderun's Mystic Blast      Conjuration                  4
Comestibles
 c - 23 rations


   Skills:
 + Level 2.2 Fighting
 * Level 5.9 Armour
 + Level 4.7 Dodging
 - Level 3.0 Stealth
 + Level 12.3 Spellcasting
 + Level 10.1 Conjurations
 + Level 3.6 Hexes
 + Level 0.3 Translocations
 + Level 1.3 Evocations


You had 15 spell levels left.
You knew the following spells:

 Your Spells              Type           Power        Failure   Level  Hunger
a - Magic Dart            Conj           ####         1%          1    None
b - Searing Ray           Conj           ######       1%          2    None
c - Dazzling Spray        Conj/Hex       ######       1%          3    None
d - Iskenderun's Mystic   Conj           ######..     1%          4    None
e - Fulminant Prism       Conj/Hex       ######....   2%          4    None
f - Force Lance           Conj/Tloc      #####...     5%          4    None


Dungeon Overview and Level Annotations

Branches:
Dungeon (9/15)             Temple (1/1) D:5
   Lair: D:8-11         Orc: D:9-12

Altars:
Ashenzari
Cheibriados
Dithmenos
Elyvilon
Fedhas
Gozag
Hepliaklqana
Kikubaaqudgha
Makhleb
Nemelex Xobeh
Okawaru
Qazlal
Ru
Sif Muna
Trog
Uskayaw
Vehumet
Wu Jian
Xom
Yredelemnul
Zin
The Shining One


Message History

Okay, then.
Casting: Magic Dart
Confirm with . or Enter, or press ? or * to list all spells.
Aiming: Searing Ray
Press: ? - help, Shift-Dir - straight line, f - shadow imp, p - yak
Aim: a shadow imp (almost dead)
The searing ray hits the yak.
You kill the yak!
Vehumet accepts your kill.
Vehumet offers you knowledge of Inner Flame. (Press . to maintain the ray.)
The shadow imp gestures at you. You resist with significant effort.
The yak gores you!
* * * LOW HITPOINT WARNING * * *
The searing ray hits the yak.
The yak is lightly wounded.
The yak is no longer blind.
The yak gores you!
* * * LOW HITPOINT WARNING * * *
The yak closely misses you. The yak gores you!
You die...

#............#
#...........#
#...........#
#.......##..#
#..........####
.........))....#
#########...)..#
##..Y.†.## #..@Y5.(.##
#...Y(..†.##
##....#.....#
#....<#...#..#
#######....###..##.....
##.........## #### [...
#..........# #....
#..........# ...#.
##.........# ##..#


You could see 3 yaks and a shadow imp.

Vanquished Creatures
  Pikel (D:5)
  Psyche (D:8)
  The ghost of JOKERXD40 the Chopper, an amateur MiBe of Trog (D:5)
  A wyvern (D:9)
  2 yaks (D:9)
  A human (D:7)
  4 hogs (D:7)
  Edmund (D:6)
  4 slaves (D:5)
  2 orc warriors
  2 sky beasts
  5 ogres
  3 phantoms
  4 centaurs
  2 big kobolds
  4 bullfrogs
  2 scorpions
  3 howler monkeys
  4 jellies
  A bullfrog zombie (D:5)
  6 crimson imps
  2 centaur zombies
  3 hounds
  A quasit (D:7)
  2 orc priests (D:4)
  A bullfrog skeleton (D:5)
  4 orc wizards
  A centaur skeleton (D:7)
  A gnoll shaman (D:4)
  Jessica (D:2)
  Natasha (twice) (D:2)
  2 iguanas (D:4)
  6 worker ants
  A hound skeleton (D:5)
  Robin (D:2)
  A worker ant zombie (D:5)
  4 gnolls
  A howler monkey skeleton (D:5)
  16 adders
  2 oozes (D:4)
  2 adder skeletons
  A worm (D:5)
  4 leopard geckos
  20 orcs
  5 giant cockroaches
  14 goblins
  13 hobgoblins
  12 jackals
  3 quokkas
  A ball python (D:2)
  4 bats (D:2)
  4 frilled lizards
  A jackal skeleton (D:5)
  8 kobolds
  6 rats
204 creatures vanquished.

Vanquished Creatures (others)
  20 fulminant prisms
20 creatures vanquished.

Grand Total: 224 creatures vanquished

Notes
Turn   | Place    | Note
-------+----------+-------------------------------------------
     0 | D:1      | OlSheep the Deep Elf Conjurer began the quest for the Orb.
     0 | D:1      | Reached XP level 1. HP: 10/10 MP: 6/6
   346 | D:2      | Reached XP level 2. HP: 15/15 MP: 4/8
   993 | D:2      | Reached skill level 5 in Conjurations
  1124 | D:2      | Learned a level 2 spell: Searing Ray
  1133 | D:2      | Noticed Robin
  1157 | D:2      | Killed Robin
  1157 | D:2      | Reached XP level 3. HP: 9/19 MP: 0/9
  1819 | D:2      | Reached XP level 4. HP: 24/24 MP: 7/11
  1864 | D:2      | Learned a level 3 spell: Dazzling Spray
  1944 | D:2      | Noticed Natasha
  2192 | D:3      | Reached skill level 4 in Spellcasting
  2630 | D:3      | Reached skill level 1 in Armour
  2929 | D:3      | Reached XP level 5. HP: 24/28 MP: 6/13
  3207 | D:4      | Found an iron altar of Okawaru.
  3393 | D:4      | Noticed a phantom
  3520 | D:4      | Reached XP level 6. HP: 33/33 MP: 5/15
  3679 | D:4      | Learned a level 4 spell: Iskenderun's Mystic Blast
  3714 | D:4      | Reached skill level 5 in Spellcasting
  3937 | D:5      | Entered Level 5 of the Dungeon
  4131 | D:4      | Reached skill level 6 in Spellcasting
  4131 | D:4      | Reached XP level 7. HP: 37/37 MP: 12/18
  4755 | D:5      | Noticed JOKERXD40's ghost (amateur MiBe)
  4911 | D:6      | Reached skill level 7 in Spellcasting
  4983 | D:6      | Reached skill level 1 in Fighting
  5227 | D:6      | Found a radiant altar of Vehumet.
  5340 | D:6      | Got a warped robe
  5350 | D:6      | Identified the +2 robe "Viloeqor" {MR- Regen+ Str-4 Stlth+} (You found it on level 6 of the Dungeon)
  5358 | D:6      | Found a bloodstained altar of Trog.
  5366 | D:6      | Reached XP level 8. HP: 43/43 MP: 13/21
  5431 | D:6      | Became a worshipper of Vehumet
  5559 | D:6      | Noticed Edmund
  5568 | D:6      | Killed Edmund
  5568 | D:6      | Reached skill level 8 in Spellcasting
  6582 | D:2      | Killed Natasha
  6592 | D:2      | Learned a level 4 spell: Fulminant Prism
  6794 | D:2      | Noticed Natasha
  6798 | D:2      | Killed Natasha
  6937 | D:2      | Noticed Jessica
  6938 | D:2      | Killed Jessica
  7109 | D:5      | Killed JOKERXD40's ghost
  7109 | D:5      | Reached skill level 9 in Spellcasting
  7109 | D:5      | Reached skill level 1 in Hexes
  7297 | D:5      | Reached * piety under Vehumet
  7297 | D:5      | Offered knowledge of Sandblast by Vehumet.
  7383 | D:5      | Reached XP level 9. HP: 45/47 MP: 11/24
  7730 | D:5      | Reached skill level 10 in Spellcasting
  7755 | D:5      | Learned a level 4 spell: Force Lance
  7969 | D:5      | Found a staircase to the Ecumenical Temple.
  7978 | Temple   | Entered the Ecumenical Temple
  8157 | D:5      | Noticed Pikel
  8381 | D:5      | Killed Pikel
  8381 | D:5      | Reached skill level 5 in Armour
  8381 | D:5      | Reached skill level 1 in Evocations
  8750 | D:6      | Found a sacrificial altar of Ru.
  9042 | D:7      | Reached skill level 11 in Spellcasting
  9221 | D:8      | Noticed Psyche
  9544 | D:7      | Reached ** piety under Vehumet
  9544 | D:7      | Offered knowledge of Sting by Vehumet.
  9555 | D:7      | Reached XP level 10. HP: 29/53 MP: 5/27
  9877 | D:8      | Killed Psyche
 11418 | D:9      | Noticed a manticore
 11573 | D:9      | Reached skill level 12 in Spellcasting
 12054 | D:9      | Reached skill level 10 in Conjurations
 12073 | D:9      | Offered knowledge of Inner Flame by Vehumet.
 12074 | D:9      | HP: 1/53 [yak (10)]
 12074 | D:9      | Mangled by a yak

Skill      XL: |  1  2  3  4  5  6  7  8  9 10 |
---------------+-------------------------------+-----
Conjurations   | 5 6 7 8 9 10 | 10.1
Spellcasting   | 4 6 7 9 11 12 | 12.3
Armour         | 1 2 3 4 5 |  5.9
Stealth        | 3 |  3.0
Dodging        | 3 4 |  4.7
Fighting       | 1 2 |  2.2
Hexes          | 1 2 3 |  3.6
Evocations     | 1 |  1.3
Translocations | |  0.3

Action                   |  1- 3 |  4- 6 |  7- 9 | 10-12 || total
-------------------------+-------+-------+-------+-------++-------
Melee: Dagger            |    16 |     4 |     2 |     8 ||    30
 Cast: Magic Dart        |    69 |    63 |    54 |     9 ||   195
       Searing Ray       |     3 |    19 |    61 |    11 ||    94
       Dazzling Spray    |       |     3 |     8 |     6 ||    17
       Iskenderun's Myst |       |     1 |    25 |    23 ||    49
       Fulminant Prism   |       |       |    12 |     8 ||    20
       Force Lance       |       |       |       |     3 ||     3
Evoke: Wand              |       |       |     3 |       ||     3
  Use: Scroll            |       |     7 |    12 |     2 ||    21
       Potion            |       |       |       |     4 ||     4
 Stab: Sleeping          |       |     2 |       |       ||     2
  Eat: Chunk             |     3 |     7 |    13 |     4 ||    27
       Ration            |       |       |     1 |     1 ||     2
Armor: Robe              |     7 |       |       |       ||     7
       Leather armour    |     2 |    16 |    22 |    13 ||    53
Dodge: Dodged            |    36 |    16 |    67 |    43 ||   162
